 Dungeon Crawl Stone Soup version 0.20.0-15-g7f486f2 (webtiles) character file.

74 botchamania the Insei (level 4, -5/28 HPs)
             Began as an Octopode Transmuter on June 27, 2017.
             Slain by Sigmund
             ... wielding a +0 scythe
              (12 damage)
             ... on level 2 of the Dungeon.
             The game lasted 00:09:14 (1803 turns).

botchamania the Insei (Octopode Transmuter)         Turns: 1803, Time: 00:09:15

Health: -5/28      AC:  4    Str:  9    XL:     4   Next: 28%
Magic:  7/7        EV: 13    Int: 15    God:
Gold:   83         SH:  0    Dex: 13    Spells: 4/7 levels left

rFire    . . .     SeeInvis .     - Unarmed
rCold    . . .     Gourm    .   (no shield)
rNeg     . . .     Faith    .   (helmet restricted)
rPois    .         Spirit   .   (no amulet)
rElec    .         Reflect  .   l - +3 ring of protection
rCorr    .         Harm     .   (no ring)
MR       .....                  (no ring)
Stlth    ++........             (no ring)
Regen    0.1/turn               (no ring)
MPRegen  0.1/turn               (no ring)
                                (no ring)
                                (no ring)

@: no status effects
A: almost no armour, stealthy swim, amphibious, 8 rings, constrict 8, camouflage
1, gelatinous body 1
a: no special abilities


You were on level 2 of the Dungeon.
You were hungry.

You visited 1 branch of the dungeon, and saw 2 of its levels.

You collected 83 gold pieces.

Inventory:

Missiles
 d - 142 stones (quivered)
Jewellery
 a - an uncursed amulet of rage {unknown}
 l - a +3 ring of protection (left tentacle)
Scrolls
 g - a scroll of noise
 i - a scroll of amnesia
Potions
 h - a potion of brilliance
Books
 b - a book of Changes

   Spells                             Type                      Level
   a - Beastly Appendage              Transmutation                1
   b - Sticks to Snakes               Transmutation                2
   c - Spider Form                    Transmutation/Poison         3
   d - Ice Form                       Ice/Transmutation            4
   e - Blade Hands                    Transmutation                5
Comestibles
 c - 3 bread rations
 f - a meat ration
 j - 3 chunks of flesh


   Skills:
 - Level 1.0 Fighting
 - Level 2.0 Dodging
 + Level 5.0 Unarmed Combat
 - Level 2.0 Spellcasting
 - Level 2.0 Transmutations


You had 4 spell levels left.
You knew the following spells:

 Your Spells              Type           Power        Failure   Level  Hunger
a - Beastly Appendage     Tmut           #.....       10%         1    #......
b - Sticks to Snakes      Tmut           #.......     14%         2    ###....


Dungeon Overview and Level Annotations

Branches:
Dungeon (2/15)

Altars:
Elyvilon

Annotations:
D:2 Sigmund


Innate Abilities, Weirdness & Mutations

You cannot wear most types of armour.
You are very stealthy in the water. (Stealth+)
You are amphibious.
You can wear up to eight rings at the same time.
You can use your tentacles to constrict eight enemies at once.
Your skin changes colour to match your surroundings (Stealth+).
Your rubbery body absorbs attacks. (AC +1, EV +1)


Message History

Unknown command.
a - a dented steel amulet Unknown command.
Unknown command.
Unknown command.
You start to feel less resistant.
Your resistance to elements expires.
You see here a ball python corpse.
Unknown command.
Sigmund says, "Don't worry, I'll kill you fast."
You see here 2 stones.
Sigmund screams, "Die, monster!"
Sigmund gestures wildly while chanting.
Sigmund flickers and vanishes!
Deactivating autopickup; reactivate with Ctrl-A.
A hobgoblin comes into view.
There is an open door here.
There is a stone staircase leading up here.
Something hits you!
You die...

.....# ##.#.#***#*,*,**,,*,*
....## ###'## *,*,**,,*,*
....#* ##...## *,*,,,,,*,*
.##..* ##.....## *,*,***,*,*
.#*..#* ##.......##*,#,,**,*,*
.,,...***#.......).##.#,,,,,,,*
,,,,,,,,,+.........'...,,,,,***
,,,,,,***#.........###*,,,***
***,,,* ##.....@.## *,,** *
*,*,* ##.>...## *,,,* ***,*,*
##...## ***,* **,,*,* ##'## *,*
**,**,* #.# *,* ,,,,,,* #.# *,*
**,**** ##.## *,*
*,*****#####...## *,*
*,**,,,.........########,*


There were no monsters in sight!

Vanquished Creatures
  2 adders (D:2)
  An ooze (D:1)
  2 dart slugs (D:1)
  A leopard gecko (D:2)
  A ball python (D:2)
  A giant cockroach (D:1)
  7 goblins
  6 hobgoblins
  5 jackals (D:1)
  5 bats
  6 kobolds
  5 rats
42 creatures vanquished.

Vanquished Creatures (collateral kills)
  An adder (D:2)
  3 jackals (D:1)
  A frilled lizard (D:2)
5 creatures vanquished.

Vanquished Creatures (others)
  A goblin (D:2)
1 creature vanquished.

Grand Total: 48 creatures vanquished

Notes
Turn   | Place    | Note
-------+----------+-------------------------------------------
     0 | D:1      | botchamania the Octopode Transmuter began the quest for the Orb.
     0 | D:1      | Reached XP level 1. HP: 13/13 MP: 3/3
   206 | D:1      | Reached XP level 2. HP: 1/18 MP: 3/5
   514 | D:2      | Learned a level 2 spell: Sticks to Snakes
   644 | D:1      | Reached skill level 4 in Unarmed Combat
   925 | D:1      | Reached XP level 3. HP: 22/23 MP: 2/6
  1646 | D:2      | Found a white marble altar of Elyvilon.
  1680 | D:2      | Reached XP level 4. HP: 27/28 MP: 1/7
  1681 | D:2      | Noticed Sigmund
  1725 | D:2      | Reached skill level 5 in Unarmed Combat
  1803 | D:2      | Slain by Sigmund

Skill      XL: |  1  2  3  4 |
---------------+-------------+-----
Unarmed Combat | 4 5 |  5.0
Fighting       | |  1.0
Dodging        | |  2.0
Spellcasting   | |  2.0
Transmutations | |  2.0

Action                   |  1- 3 |  4- 6 || total
-------------------------+-------+-------++-------
Melee: Unarmed           |    83 |    12 ||    95
       Tentacles         |    14 |     1 ||    15
       Constrict         |    25 |       ||    25
       Kick              |    14 |       ||    14
       Punch             |     1 |       ||     1
Throw: Stone             |     4 |       ||     4
 Cast: Beastly Appendage |    15 |       ||    15
       Sticks to Snakes  |     8 |     3 ||    11
  Use: Scroll            |       |     3 ||     3
       Potion            |       |     3 ||     3
 Stab: Sleeping          |     2 |       ||     2
  Eat: Chunk             |     3 |       ||     3
Armor: Skin              |    12 |    32 ||    44
Dodge: Dodged            |    49 |    11 ||    60
